 Dungeon Crawl Stone Soup version 0.31-a0-89-g637a80eef8 (webtiles) character file.

Game seed: 13549135793383560311

18 Essalna the Digger (level 2, 21/21 HPs)
             Began as a Demonspawn Earth Elementalist on May 25, 2023.
             Got out of the dungeon alive.
             The game lasted 00:01:14 (545 turns).

Essalna the Digger (Demonspawn Earth Elementalist)   Turns: 545, Time: 00:01:15

Health: 21/21      AC:  3    Str:  8    XL:     2   Next: 51%
Magic:  5/5        EV: 12    Int: 16    God:
Gold:   164        SH:  0    Dex: 13    Spells: 4/5 levels left

rFire   . . .        (no weapon)
rCold   . . .        (no shield)
rNeg    . . .        a - +0 robe
rPois   .            (no helmet)
rElec   .            d - +0 cloak
rCorr   .            (no gloves)
SInv    .            (no boots)
Will    .....        (no amulet)
Stlth   ++           (no ring)
HPRegen 0.23/turn    (no ring)
MPRegen 0.09/turn

%: no passive effects
@: no status effects
A: demonic touch 1
a: no special abilities


You escaped.
You visited 1 branch of the dungeon, and saw 2 of its levels.

You collected 164 gold pieces.

Inventory:

Armour
 a - a +0 robe (worn)
 d - a +0 cloak (worn)
Potions
 b - a potion of curing {unknown}
 c - a potion of brilliance {unknown}


   Skills:
 + Level 1.4 Fighting
 - Level 1.7 Dodging
 - Level 1.7 Stealth
 - Level 2.0 Spellcasting
 - Level 0.8 Transmutations
 + Level 3.1 Earth Magic


You had 4 spell levels left.
You knew the following spells:

 Your Spells              Type           Power      Damage    Failure   Level
a - Sandblast             Erth           22%        2d7       5%          1

Your spell library contained the following spells:

 Spells                   Type           Power      Damage    Failure   Level
 Passwall                 Tmut/Erth      5%         N/A       16%         2
 Stone Arrow              Conj/Erth      10%        3d7       34%         3
 Petrify                  Tmut/Erth      7%         N/A       69%         4


Dungeon Overview and Level Annotations

Branches:
Dungeon (2/15)

Altars:


Innate Abilities, Weirdness & Mutations

Your touch may inflict minor irresistible damage on your foes.


Message History

You don't have enough magic to cast this spell.
You hit the endoplasm but do no damage.
The endoplasm is almost dead.
The endoplasm hits you.
You hit the endoplasm but do no damage.
You touch the endoplasm.
You kill the endoplasm!
You hit the kobold but do no damage. The kobold barely misses you.
You closely miss the kobold.
The kobold hits you with a +0 short sword.
You hit the kobold. Your touch misses the kobold.
The kobold is moderately wounded.
The kobold hits you with a +0 short sword.
* * * LOW HITPOINT WARNING * * *
You miss the kobold.
You touch the kobold.
You kill the kobold!
Things that are here:
a +0 short sword; 2 stones
Found 13 gold pieces.
Key pressed, stopping explore.
You now have 158 gold pieces (gained 13).
Key pressed, stopping explore.
Key pressed, stopping explore.
Things that are here:
a +0 short sword; 2 stones You now have 164 gold pieces (gained 6).
You open the door.
There is an open door here.
Key pressed, stopping explore.
You open the door.
There is an open door here.
b - a sedimented inky potion You open the door.
There is an open door here.
There is an open door here.
Things that are here:
a jackal skeleton; a jackal skeleton; a jackal skeleton You see here a +0 whip.
There is a staircase leading out of the dungeon here.
Are you sure you want to leave the Dungeon?
This will make you lose the game!
You have escaped!

#....############...÷### #.....
#...........#####......#####PPPPP
#...........÷...............P....
#...........##########...##.P...P
#...........# #........P...P
#...........# #.####...P.PPP
#...........# #.# ####.>...
.....######## ######.# ######
.....[# #.@.##.# ......# #.).##.#
......# ♣...♣#.# #.....# #.♣.##.#
#.....# ♣.♣.♣#.# #.....# #...##.#
####### ♣...♣#.# #...##.#
♣...♣#.#


There were no monsters in sight!

Vanquished Creatures
  2 ball pythons (D:1)
  An endoplasm (D:1)
  A goblin (D:1)
  2 hobgoblins (D:1)
  4 jackals (D:1)
  2 bats (D:1)
  2 frilled lizards (D:1)
  2 kobolds (D:1)
16 creatures vanquished.

Notes
Turn   | Place    | Note
-------+----------+-------------------------------------------
     0 | D:1      | Essalna the Demonspawn Earth Elementalist began the quest
                  | for the Orb.
     0 | D:1      | Reached XP level 1. HP: 13/13 MP: 3/3
    37 | D:1      | You fall into a shaft and drop 1 floor!
   223 | D:1      | Reached skill level 1 in Fighting
   223 | D:1      | Reached skill level 3 in Earth Magic
   225 | D:1      | Gained mutation: Your touch may inflict minor irresistible
                  | damage on your foes. [demonic ancestry]
   225 | D:1      | Reached XP level 2. HP: 11/21 MP: 3/5
   545 | D:$      | Got out of the dungeon alive.

Illustrated notes

Levels and vault maps discovered:
D:1:      minmay_arrival_plants_in_alcoves, layout_basic,
          chequers_serial_rivers_marsh, minmay_gold_behind_fungi
D:2:      minmay_chambers_of_twos, layout_loops_ring, roderic_serpentine_path,
          columned_hall_lemuel

Skill      XL: |  1 |
---------------+----+-----
Fighting       | 1 |  1.4
Earth Magic    | 3 |  3.1
Dodging        | |  1.7
Stealth        | |  1.7
Spellcasting   | |  2.0
Transmutations | |  0.8

Action                     || total
---------------------------++-------
  Melee: Unarmed           ||    27
         Punch             ||     1
         Touch             ||     2
   Cast: Sandblast         ||    20
    Use: Potion            ||     1
 Armour: Robe              ||     8
  Dodge: Dodged            ||    31

Table legend: (Time is in decaauts)
 A = Elapsed time spent in this place.
 B = Non-inter-level travel time spent in this place.
 C = Inter-level travel time spent in this place.
 D = Time resting spent in this place.
 E = Time spent auto-exploring this place.
 F = Levels seen in this place.
 G = Mean time per level.
                   A        B        C        D        E       F      G
               +--------+--------+--------+--------+--------+-----+--------+
         Total |    555 |    493 |     62 |      0 |    363 |   2 |  277.5 |
       Dungeon |    555 |    493 |     62 |      0 |    363 |   2 |  277.5 |
               +--------+--------+--------+--------+--------+-----+--------+

Top non-repeatable levels by time:
     D:1: 531 daAuts
     D:2: 23 daAuts
